[Event "Titled Tuesday Blitz September 27 Early 2022"]
[White "Winterberg, Lukas"]
[Black "Koziorowicz, Michal"]
[WhiteFideId "24622702"]
[BlackFideId "21809194"]
[WhiteElo "2349"]
[BlackElo "2220"]
[Result "0-1"]
[Round "08"]
[TimeControl "180+1"]
[Date "2022.09.27"]
[WhiteClock "0:00:11"]
[BlackClock "0:00:16"]

1. e4 g5 2. d4 h6 3. h4 gxh4 4. Nc3 Bg7 5. Nf3 c5 6. dxc5 Qa5 7. Bd2 Qxc5 8. Nd5 Kd8 9. Bb4 Qc6 10. Nd4 Qg6 11. Nf5 Nc6 12. Bc3 Bxc3+ 13. Nxc3 d6 14. Nxh4 Qg7 15. Qd2 Be6 16. O-O-O Rc8 17. f4 Kc7 18. f5 Bd7 19. Nd5+ Kb8 20. Nf3 Nf6 21. Nxf6 Qxf6 22. Bb5 h5 23. Qg5 Qxg5+ 24. Nxg5 Rcg8 25. Nh3 Rxg2 26. Nf4 Rg5 27. Rh4 Kc7 28. Rdh1 Ne5 29. Bxd7 Kxd7 30. Nxh5 Rhg8 31. b3 Rg4 32. Kb2 Rg2 33. Nf4 Rf2 34. R1h2 Rxh2 35. Rxh2 Rg4 36. Rf2 Rh4 37. Kc3 Kc6 38. Kd4 Nd7 39. Ke3 Nc5 40. b4 Nd7 41. Nd5 e6 42. fxe6 fxe6 43. Nf4 e5 44. Nd5 Rh3+ 45. Rf3 Rh2 46. c4 Rxa2 47. Rf8 Ra3+ 48. Kd2 Nb6 49. Nxb6 Kxb6 50. Rd8 Kc7 51. Ra8 a6 52. Re8 Rb3 53. b5 axb5 54. cxb5 Rxb5 55. Kd3 Rb4 56. Rg8 Rd4+ 57. Ke3 b5 58. Rg7+ Kb6 59. Rg8 Kc5 60. Rb8 Kb4 61. Rb7 Ka4 62. Ra7+ Kb3 63. Rb7 b4 64. Rb6 Kb2 65. Rb5 b3 66. Rb8 Kc2 67. Rc8+ Kb1 68. Rb8 b2 69. Rb7 Kc2 70. Rc7+ Kb3 71. Rb7+ Rb4 0-1


[Site "https://www.chess.com"]

[Event "Titled Tuesday Blitz September 27 Early 2022"]
[White "Wirig, Anthony"]
[Black "Maltsevskaya, Aleksandra"]
[WhiteFideId "615013"]
[BlackFideId "24174041"]
[WhiteElo "2474"]
[BlackElo "2243"]
[Result "1/2-1/2"]
[Round "08"]
[TimeControl "180+1"]
[Date "2022.09.27"]
[WhiteClock "0:00:09"]
[BlackClock "0:00:03"]

1. d4 Nf6 2. Bg5 g6 3. Bxf6 exf6 4. e3 Bg7 5. h4 O-O 6. h5 f5 7. hxg6 hxg6 8. g3 c5 9. c3 Re8 10. Nf3 b6 11. Bg2 Bb7 12. O-O Nc6 13. Nbd2 d6 14. Re1 b5 15. a3 a5 16. Qb3 b4 17. axb4 axb4 18. Rxa8 Qxa8 19. Ng5 Nd8 20. Bxb7 Qxb7 21. dxc5 dxc5 22. Qc4 bxc3 23. bxc3 Bf6 24. Rb1 Qc6 25. Ngf3 Kg7 26. Qb5 Bxc3 27. Qc4 Bxd2 28. Nxd2 Rh8 29. e4 Ne6 30. Qd5 Qxd5 31. exd5 Nd4 32. Nc4 Rd8 33. d6 Ne2+ 34. Kg2 Nc3 35. Rb6 Ne4 36. Rc6 Kf6 37. f3 Ng5 38. Rxc5 Ne6 39. Rc6 g5 40. Rc7 Ra8 41. Rc6 f4 42. gxf4 Nxf4+ 43. Kf1 Ke6 44. d7+ Kxd7 45. Ne5+ Ke7 46. Rb6 Ra1+ 47. Kf2 Ra2+ 48. Kf1 Ra5 49. Nc4 Rc5 50. Nd6 Ne6 51. Ne4 Rf5 52. Rb7+ Kf8 53. Kg2 Kg7 54. Rb3 Nd4 55. Rd3 Ne6 56. Ng3 Nf4+ 57. Kh2 Ra5 58. Rd2 Ra3 59. Rf2 Kg6 60. Ne4 Nd3 61. Rd2 Ne5 62. Rd6+ Kg7 63. Ng3 Nxf3+ 64. Kh3 Ne5 65. Kg2 g4 66. Nf5+ Kh7 67. Rh6+ Kg8 68. Rb6 Ng6 69. Nh6+ Kh7 70. Nxg4 Nh4+ 71. Kf2 Nf5 72. Nf6+ Kg7 73. Ne4 Nd4 74. Ng5 Ne6 75. Ne4 Ra4 76. Nd6 Rf4+ 77. Ke3 Ra4 78. Rb7 Kf6 79. Rxf7+ Ke5 80. Nc8 Ra3+ 81. Kd2 Nd4 82. Re7+ Kd5 83. Rd7+ Kc4 84. Rd8 Ra2+ 85. Ke3 Re2+ 86. Kf4 Ne6+ 87. Kf3 Nxd8 88. Kxe2 1/2-1/2


[Site "https://www.chess.com"]

[Event "Titled Tuesday Blitz September 27 Early 2022"]
[White "Xiong, Jeffery"]
[Black "Nigmatov, Ortik"]
[WhiteFideId "2047640"]
[BlackFideId "14202131"]
[WhiteElo "2714"]
[BlackElo "2378"]
[Result "0-1"]
[Round "08"]
[TimeControl "180+1"]
[Date "2022.09.27"]
[WhiteClock "0:00:05"]
[BlackClock "0:00:07"]

1. e4 c5 2. Nf3 d6 3. Nc3 e6 4. d4 cxd4 5. Nxd4 Nf6 6. g4 e5 7. Nf5 h5 8. g5 Nxe4 9. Nxg7+ Bxg7 10. Nxe4 d5 11. Ng3 Bg4 12. Be2 Nc6 13. c3 Bxe2 14. Qxe2 h4 15. Nh5 Kf8 16. Bd2 Qd7 17. O-O-O Qf5 18. Rhg1 Rc8 19. Nxg7 Kxg7 20. Qg4 Qxg4 21. Rxg4 Kg6 22. h3 a6 23. Kb1 Rcd8 24. f4 e4 25. f5+ Kxf5 26. g6 fxg6 27. Rf1+ Ke6 28. Rxg6+ Ke5 29. Rf7 d4 30. cxd4+ Nxd4 31. Rxb7 Rhf8 32. a4 Nf3 33. Bb4 Kf4 34. Rg4+ Ke3 35. Bxf8 Rxf8 36. Rb3+ Kd4 37. Rb4+ Kd3 38. Rb3+ Kd4 39. Ka2 Nd2 40. Rb6 Rf3 41. Rxh4 Ke3 42. Rxa6 Kf2 43. Rd6 e3 44. a5 Rf5 45. b4 Nf3 46. a6 Nxh4 47. a7 Rf8 48. Rf6+ Rxf6 49. a8=Q e2 50. Qa7+ Kf1 51. Qd4 Rf2 52. Qc4 Kg1 0-1


[Site "https://www.chess.com"]

[Event "Titled Tuesday Blitz September 27 Early 2022"]
[White "Xu, Yi"]
[Black "Lewtak, Damian"]
[WhiteFideId "8605564"]
[BlackFideId "1141724"]
[WhiteElo "2471"]
[BlackElo "2329"]
[Result "0-1"]
[Round "08"]
[TimeControl "180+1"]
[Date "2022.09.27"]
[WhiteClock "0:00:04"]
[BlackClock "0:00:11"]

1. e4 c5 2. Nf3 d6 3. d4 cxd4 4. Nxd4 Nf6 5. Nc3 Nc6 6. Bg5 e6 7. Qd3 h6 8. Nxc6 bxc6 9. Bf4 e5 10. Bg3 Qb6 11. O-O-O Rb8 12. b3 Nh5 13. Na4 Qa5 14. Be2 Nxg3 15. hxg3 Be7 16. f4 O-O 17. Rh5 Qb4 18. Qc3 Qxe4 19. Bd3 Qxg2 20. fxe5 Bg4 21. Rhh1 Bxd1 22. Rxd1 dxe5 23. Qxe5 Bf6 24. Qf5 Bg5+ 25. Kb1 g6 26. Qd7 Qd5 27. Qc7 Bf6 28. Qxa7 Ra8 29. Qe3 Rfb8 30. Nb6 Bd4 31. Nxd5 Bxe3 32. Nxe3 Re8 33. Ng4 Kg7 34. Nf2 Re3 35. g4 Rae8 36. a4 h5 37. gxh5 gxh5 38. Rg1+ Kf8 39. Rh1 Re1+ 40. Kb2 Rxh1 41. Nxh1 Re1 42. Nf2 h4 43. a5 Ke7 44. a6 Kd6 45. Ne4+ Kc7 46. Ng5 f6 47. Nh3 Kb6 48. Kc3 Re3 49. Nf2 Rf3 50. Ng4 h3 51. Kd4 f5 52. Nh2 Rf2 53. Ke3 Rxh2 54. Bxf5 Rh1 55. Kf2 h2 56. Kg2 Rf1 57. Kxh2 Rxf5 0-1


[Site "https://www.chess.com"]

[Event "Titled Tuesday Blitz September 27 Early 2022"]
[White "Zaichenko, Daria"]
[Black "Schill, William"]
[WhiteFideId "4197453"]
[BlackFideId "2016710"]
[WhiteElo "2039"]
[BlackElo "1947"]
[Result "0-1"]
[Round "08"]
[TimeControl "180+1"]
[Date "2022.09.27"]
[WhiteClock "0:01:09"]
[BlackClock "0:00:25"]

1. e4 c5 2. Nf3 Nc6 3. d4 cxd4 4. Nxd4 e5 5. Nb5 d6 6. c4 g6 7. N1c3 a6 8. Na3 Bg7 9. Be3 Nd4 10. Nd5 Nf6 11. Bxd4 Nxd5 12. cxd5 exd4 13. Bd3 O-O 14. O-O b5 15. Nc2 Qb6 16. a4 Bd7 17. a5 Qa7 18. Qd2 f5 19. f4 fxe4 20. Bxe4 d3+ 21. Kh1 dxc2 22. Bxc2 Bxb2 23. Rae1 Qd4 24. Qxd4 Bxd4 25. Re7 Rf7 26. Rfe1 Rxe7 27. Rxe7 Re8 0-1


[Site "https://www.chess.com"]

[Event "Titled Tuesday Blitz September 27 Early 2022"]
[White "Zelbel, Patrick"]
[Black "Suleymanli, Suleyman"]
[WhiteFideId "24624322"]
[BlackFideId "13416375"]
[WhiteElo "2474"]
[BlackElo "1652"]
[Result "1-0"]
[Round "08"]
[TimeControl "180+1"]
[Date "2022.09.27"]
[WhiteClock "0:00:17"]
[BlackClock "0:00:04"]

1. e4 e6 2. d3 d5 3. Qe2 Ne7 4. g3 c5 5. Bg2 Nbc6 6. Nf3 g6 7. O-O Bg7 8. h4 O-O 9. Re1 b5 10. e5 Qc7 11. Bg5 Nf5 12. c3 b4 13. Nbd2 bxc3 14. bxc3 Ba6 15. Nf1 Rfe8 16. g4 Nfe7 17. Ng3 Rab8 18. Bf6 Kf8 19. h5 Ng8 20. Bg5 Nxe5 21. Nxe5 Bxe5 22. Qxe5 Qxe5 23. Rxe5 f6 24. Bxf6 Nxf6 25. g5 Nd7 26. Re3 Kg8 27. d4 cxd4 28. cxd4 Bc4 29. Rae1 Kf7 30. Bh3 Rb6 31. a3 a5 32. f4 a4 33. f5 gxf5 34. Nxf5 Nf8 35. Nh6+ Ke7 36. Ng8+ Kd6 37. Nf6 Re7 38. h6 Rb3 39. Bg4 Rxe3 40. Rxe3 Rb7 41. Kf2 Rb2+ 42. Kg3 Rb1 43. Kf2 Rb2+ 44. Kg3 Rb3 45. Kf3 Rb1 46. Nxh7 Rf1+ 47. Kg2 Nxh7 48. Rxe6+ Kd7 49. Ra6+ Ke8 50. Ra8+ Kf7 51. Ra7+ Kg6 52. Rg7# 1-0


[Site "https://www.chess.com"]

[Event "Titled Tuesday Blitz September 27 Early 2022"]
[White "Zheenbekov, Nurgazy"]
[Black "Zanette, Edgard Vinicius"]
[WhiteFideId "13800485"]
[BlackFideId "2109263"]
[WhiteElo "1932"]
[BlackElo "2182"]
[Result "1-0"]
[Round "08"]
[TimeControl "180+1"]
[Date "2022.09.27"]
[WhiteClock "0:00:33"]
[BlackClock "0:00:09"]

1. d4 Nf6 2. Nf3 e6 3. c4 Bb4+ 4. Bd2 Qe7 5. g3 O-O 6. Bg2 Nc6 7. O-O Bxd2 8. Qxd2 d6 9. Nc3 e5 10. d5 Nb8 11. e4 a5 12. Ne1 Nbd7 13. b3 Nc5 14. Qc2 c6 15. a3 cxd5 16. cxd5 Bd7 17. Rb1 Rfc8 18. Qd2 b5 19. b4 axb4 20. axb4 Na4 21. Nxa4 Rxa4 22. Nd3 h6 23. Rfc1 Qd8 24. h3 Rca8 25. Rb2 Qb6 26. Rbc2 Qd4 27. Qc3 Qxc3 28. Rxc3 R8a7 29. f3 Ra2 30. g4 g5 31. Bf1 Rd2 32. R3c2 Ra2 33. Rxa2 Rxa2 34. Nc5 dxc5 35. bxc5 Ra7 36. c6 Bc8 37. d6 Kf8 38. Bxb5 h5 39. gxh5 Ke8 40. h6 Kf8 41. d7 Nxd7 42. cxd7 Bxd7 43. Bxd7 Rxd7 44. Rc8+ Ke7 45. h7 1-0


[Site "https://www.chess.com"]

[Event "Titled Tuesday Blitz September 27 Early 2022"]
[White "Zilleruelo Irizarry, Diego"]
[Black "Barash, Anton"]
[WhiteFideId "3101460"]
[BlackFideId "30935229"]
[WhiteElo "1998"]
[BlackElo "2268"]
[Result "0-1"]
[Round "08"]
[TimeControl "180+1"]
[Date "2022.09.27"]
[WhiteClock "0:00:15"]
[BlackClock "0:00:09"]

1. e4 e6 2. d4 d5 3. Nd2 Nc6 4. Ngf3 Nf6 5. e5 Nd7 6. Bb5 a6 7. Bxc6 bxc6 8. O-O c5 9. dxc5 Bxc5 10. Nb3 Ba7 11. Nbd4 Bb7 12. Re1 c5 13. Ne2 Qb6 14. Ng3 Rb8 15. c3 c4 16. Re2 Nc5 17. Be3 Qc7 18. Ne1 Ba8 19. Qc2 O-O 20. Rd1 Rfd8 21. Bd4 Rb5 22. f4 Rdb8 23. Qc1 Qb7 24. f5 exf5 25. Nxf5 Rxb2 26. Rxb2 Qxb2 27. Qg5 Ne6 28. Qe7 Bxd4+ 29. cxd4 Qe2 30. Rb1 Rc8 31. Nf3 Qc2 32. Rb6 Qxf5 33. Rxa6 Bc6 34. Rxc6 Rxc6 35. Qe8+ Nf8 36. Qxc6 Qb1+ 37. Kf2 Qxa2+ 38. Kg3 Qb2 39. Qxd5 c3 40. Ne1 c2 41. Nxc2 Qxc2 42. Qf3 Qc4 43. Qe4 Nd7 44. Qa8+ Nf8 45. Qe4 g6 46. Kf4 Ne6+ 47. Ke3 Qc3+ 48. Ke2 Qxd4 49. Qa8+ Kg7 50. Qa3 Qxe5+ 51. Kf2 Qf4+ 52. Kg1 Qd4+ 53. Kf1 h5 54. h3 Qc4+ 55. Kf2 Qd4+ 56. Kf1 Qd5 57. Qe7 Qc5 58. Qd7 Qc4+ 59. Kf2 Qc2+ 60. Kf3 Ng5+ 61. Kg3 Ne4+ 62. Kf4 Qd2+ 63. Qxd2 Nxd2 64. Ke3 Nb3 65. Kf4 Nc5 66. g4 hxg4 67. hxg4 Kf6 68. g5+ Ke6 69. Kg4 Ke5 70. Kh4 Kf5 71. Kg3 Kxg5 0-1


[Site "https://www.chess.com"]

[Event "Titled Tuesday Blitz September 27 Early 2022"]
[White "Acosta Villarroel, Lorner Jesus"]
[Black "Baches Garcia, Guillermo"]
[WhiteFideId "3906337"]
[BlackFideId "2209764"]
[WhiteElo "2325"]
[BlackElo "2402"]
[Result "1-0"]
[Round "09"]
[TimeControl "180+1"]
[Date "2022.09.27"]
[WhiteClock "0:00:09"]
[BlackClock "0:00:19"]

1. d4 Nf6 2. c4 e6 3. Nc3 d5 4. Nf3 c5 5. e3 a6 6. Bd3 dxc4 7. Bxc4 b5 8. Bb3 Bb7 9. O-O Nbd7 10. Qe2 Bd6 11. Rd1 c4 12. Bc2 Qe7 13. e4 e5 14. d5 O-O 15. Nh4 g6 16. Bh6 Rfe8 17. h3 Nh5 18. g3 Nf4 19. Qf1 Nh5 20. Qe2 Qf6 21. Nf5 Bc5 22. Kh2 Rac8 23. d6 Re6 24. Qg4 Bxd6 25. Bg5 gxf5 26. exf5 Qg7 27. fxe6 Ndf6 28. Bxf6 Nxf6 29. Qxg7+ Kxg7 30. Rxd6 fxe6 31. Rad1 Rf8 32. Rxe6 Ng4+ 33. hxg4 Rxf2+ 34. Kh3 Rxc2 35. Rd7+ 1-0


[Site "https://www.chess.com"]

[Event "Titled Tuesday Blitz September 27 Early 2022"]
[White "Agasarov, Benik"]
[Black "Tari, Aryan"]
[WhiteFideId "13314823"]
[BlackFideId "1510045"]
[WhiteElo "2152"]
[BlackElo "2612"]
[Result "1/2-1/2"]
[Round "09"]
[TimeControl "180+1"]
[Date "2022.09.27"]
[WhiteClock "0:00:16"]
[BlackClock "0:00:08"]

1. e4 c6 2. d4 d5 3. e5 Bf5 4. Nf3 e6 5. Be2 Ne7 6. O-O c5 7. c4 Nbc6 8. dxc5 d4 9. Qa4 Ng6 10. Rd1 d3 11. Be3 Qd7 12. Nc3 Ngxe5 13. Nxe5 Nxe5 14. Qxd7+ Kxd7 15. Bf4 Nxc4 16. Bxd3 Bxd3 17. Rxd3+ Kc6 18. b4 Be7 19. Rd4 Na3 20. Rad1 Rhd8 21. Bd6 Bf6 22. R4d3 Bxc3 23. Rxc3 Nb5 24. Rcd3 b6 25. a4 Nxd6 26. cxd6 Kd7 27. Rg3 g6 28. Rh3 h5 29. Rf3 Rf8 30. h4 Rac8 31. a5 bxa5 32. Ra3 Rc6 33. Rxa5 Ra8 34. Rda1 Kxd6 35. Rxa7 Rxa7 36. Rxa7 f5 37. Rg7 Rc1+ 38. Kh2 Rc4 39. g3 Rxb4 40. Rxg6 f4 41. gxf4 Rxf4 42. Kg3 Rf5 43. Rg5 Ke5 44. Rxf5+ exf5 45. Kf3 f4 46. Ke2 Ke4 47. f3+ Kd4 48. Kd2 Kc4 49. Kc2 Kd4 50. Kd2 Kc4 51. Kc2 Kd4 52. Kd2 1/2-1/2


[Site "https://www.chess.com"]

[Event "Titled Tuesday Blitz September 27 Early 2022"]
[White "Aguilar, Juan"]
[Black "Fiorito, Francisco"]
[WhiteFideId "3800091"]
[BlackFideId "180165"]
[WhiteElo "2346"]
[BlackElo "1787"]
[Result "1-0"]
[Round "09"]
[TimeControl "180+1"]
[Date "2022.09.27"]
[WhiteClock "0:01:39"]
[BlackClock "0:01:40"]

1. d4 d5 2. c4 dxc4 3. e4 e5 4. Nf3 exd4 5. Bxc4 Bb4+ 6. Bd2 Bxd2+ 7. Nbxd2 Nc6 8. O-O Nf6 9. e5 Nd5 10. Nb3 O-O 11. Nbxd4 Nxd4 12. Qxd4 Be6 13. Rfd1 c6 14. Qe4 Qe7 15. h4 h6 16. Bd3 g6 17. h5 Bf5 18. Qd4 Bxd3 19. Rxd3 g5 20. Qe4 1-0


[Site "https://www.chess.com"]

[Event "Titled Tuesday Blitz September 27 Early 2022"]
[White "Ahn, Hongjin"]
[Black "Harshad S"]
[WhiteFideId "13201492"]
[BlackFideId "46616551"]
[WhiteElo "1873"]
[BlackElo "2046"]
[Result "0-1"]
[Round "09"]
[TimeControl "180+1"]
[Date "2022.09.27"]
[WhiteClock "0:00:01"]
[BlackClock "0:00:22"]

1. c4 e5 2. Nf3 e4 3. Nd4 Nf6 4. Nc3 c6 5. d3 exd3 6. e3 d5 7. cxd5 Nxd5 8. Bxd3 Nxc3 9. bxc3 Bd6 10. O-O O-O 11. Rb1 b6 12. Qf3 Bb7 13. Rd1 Qc7 14. Nf5 Bxh2+ 15. Kh1 Be5 16. Be4 Nd7 17. Ba3 g6 18. Ne7+ Kg7 19. Nxc6 Rfe8 20. Rxd7 Qxd7 21. Nxe5 Bxe4 22. Nxd7 Bxf3 23. gxf3 Rad8 24. Rd1 Rc8 25. Rd3 Rc4 26. f4 f6 27. Bb4 Kf7 28. f3 Rec8 29. e4 a5 30. Ba3 Rxc3 31. Rd6 Rxa3 32. Nxb6 Rc2 33. Rd7+ Ke8 0-1


[Site "https://www.chess.com"]

[Event "Titled Tuesday Blitz September 27 Early 2022"]
[White "Aizpurua, Patrick Emilio"]
[Black "Sargissyan, Sargis"]
[WhiteFideId "6600522"]
[BlackFideId "13303210"]
[WhiteElo "2378"]
[BlackElo "2102"]
[Result "1-0"]
[Round "09"]
[TimeControl "180+1"]
[Date "2022.09.27"]
[WhiteClock "0:01:19"]
[BlackClock "0:00:17"]

1. d4 Nf6 2. Nf3 g6 3. c4 Bg7 4. Nc3 O-O 5. e4 d6 6. Be2 e5 7. d5 a5 8. Be3 Ng4 9. Bg5 f6 10. Bh4 h5 11. Nd2 Nh6 12. f3 Nf7 13. Bf2 Na6 14. a3 Bd7 15. Rb1 Nc5 16. b4 axb4 17. axb4 Na4 18. Qc2 Bh6 19. c5 Nxc3 20. Qxc3 f5 21. O-O Ra2 22. Rb2 Rxb2 23. Qxb2 Qg5 24. Nc4 fxe4 25. fxe4 Bh3 26. Bf3 h4 27. Be3 Qxe3+ 28. Nxe3 Bxe3+ 29. Kh1 Bd7 30. c6 bxc6 31. dxc6 Bd4 32. Qc2 Be6 33. Be2 Kg7 34. Bc4 Bxc4 35. Qxc4 Ng5 36. Rxf8 Kxf8 37. b5 Bb6 38. Qf1+ Ke7 39. Qe1 Ke6 40. Qxh4 Nf7 41. Qg4+ Kf6 42. h4 Bc5 43. g3 Bb6 44. Kg2 1-0


[Site "https://www.chess.com"]

[Event "Titled Tuesday Blitz September 27 Early 2022"]
[White "Aloma Vidal, Robert"]
[Black "Przybylski, Wojciech"]
[WhiteFideId "2260409"]
[BlackFideId "1117599"]
[WhiteElo "2435"]
[BlackElo "2133"]
[Result "0-1"]
[Round "09"]
[TimeControl "180+1"]
[Date "2022.09.27"]
[WhiteClock "0:00:19"]
[BlackClock "0:00:22"]

1. e4 e5 2. Nf3 Nc6 3. Bc4 Nf6 4. d4 exd4 5. e5 d5 6. Bb5 Nd7 7. O-O Be7 8. Bxc6 bxc6 9. Nxd4 Nb8 10. Nc3 O-O 11. Qf3 f6 12. e6 c5 13. Nxd5 cxd4 14. Nxe7+ Qxe7 15. Qxa8 Bxe6 16. Re1 Qd7 17. Qxa7 Nc6 18. Qa4 Bd5 19. Bf4 g5 20. Bg3 h5 21. h3 h4 22. Bh2 g4 23. c4 gxh3 24. cxd5 Qg4 25. Bg3 hxg3 26. f3 Qh5 27. Qc2 Ne5 28. Qe4 hxg2 0-1


[Site "https://www.chess.com"]

[Event "Titled Tuesday Blitz September 27 Early 2022"]
[White "Amgalantengis, Enkh-Amgalan"]
[Black "Forgacs, Attila Jr."]
[WhiteFideId "4903536"]
[BlackFideId "773654"]
[WhiteElo "1719"]
[BlackElo "2062"]
[Result "1-0"]
[Round "09"]
[TimeControl "180+1"]
[Date "2022.09.27"]
[WhiteClock "0:01:52"]
[BlackClock "0:00:50"]

1. d4 Nf6 2. Nf3 g6 3. Nc3 Bg7 4. e4 d6 5. Be2 O-O 6. h3 c5 7. O-O cxd4 8. Nxd4 Nc6 9. Nb3 Be6 10. Re1 Rc8 11. Bg5 h6 12. Bh4 Ne5 13. Bf1 Nc4 14. Bxc4 Bxc4 15. Qd2 Kh7 16. Rad1 Qb6 17. Nd5 Nxd5 18. exd5 g5 19. Bg3 Rc7 20. Na5 Qxb2 21. Nxc4 Rxc4 22. Qd3+ Kg8 23. Qxc4 b5 24. Qb3 Qf6 25. Qxb5 Rc8 26. c4 Rc5 27. Qe8+ Kh7 28. Qxe7 Qb2 29. Qe4+ Kg8 30. Bxd6 Ra5 31. Qe8+ Kh7 32. Qxf7 Rxa2 33. Be5 Qxf2+ 34. Qxf2 1-0


[Site "https://www.chess.com"]

[Event "Titled Tuesday Blitz September 27 Early 2022"]
[White "Ansh M Shah"]
[Black "Adewumi, Tanitoluwa"]
[WhiteFideId "25033379"]
[BlackFideId "30966396"]
[WhiteElo "1819"]
[BlackElo "2560"]
[Result "0-1"]
[Round "09"]
[TimeControl "180+1"]
[Date "2022.09.27"]
[WhiteClock "0:00:16"]
[BlackClock "0:00:03"]

1. d4 Nf6 2. c4 e5 3. dxe5 Ng4 4. Nf3 Nc6 5. e3 Ngxe5 6. Be2 Bc5 7. O-O O-O 8. Nc3 d6 9. Na4 Bb6 10. Nxb6 axb6 11. b3 Be6 12. Bb2 Re8 13. a4 Qd7 14. Qc2 Bf5 15. Qc3 f6 16. Rad1 Be4 17. Nd4 Nxd4 18. Rxd4 Nc6 19. Rd2 Qf7 20. Rfd1 Rad8 21. Bf1 Qg6 22. g3 Ne5 23. Rd5 Nf3+ 24. Kg2 Nh4+ 25. Kg1 Nf3+ 26. Kg2 Nd2+ 27. Kg1 Nxf1 28. Rxf1 Qg4 29. Rd4 Qf3 30. Rxe4 Rxe4 31. b4 Rde8 32. a5 bxa5 33. bxa5 R8e5 34. Qb4 Rh5 35. h4 Rhxh4 36. gxh4 Rg4+ 37. Kh2 Qg2# 0-1


[Site "https://www.chess.com"]

[Event "Titled Tuesday Blitz September 27 Early 2022"]
[White "Antonova, Nadezhda"]
[Black "Begunov, Konstantin"]
[WhiteFideId "14700182"]
[BlackFideId "4118510"]
[WhiteElo "1805"]
[BlackElo "2165"]
[Result "1/2-1/2"]
[Round "09"]
[TimeControl "180+1"]
[Date "2022.09.27"]
[WhiteClock "0:00:04"]
[BlackClock "0:00:09"]

1. Nf3 d5 2. b3 c6 3. Bb2 Bg4 4. g3 Bxf3 5. exf3 Nf6 6. Bg2 Nbd7 7. f4 g6 8. O-O Bg7 9. d4 O-O 10. Nd2 e6 11. Nf3 c5 12. Ne5 cxd4 13. Bxd4 Qc7 14. Rc1 Nxe5 15. Bxe5 Qa5 16. c4 Rfd8 17. cxd5 Nxd5 18. Bxd5 Rxd5 19. Qe1 Qxa2 20. Bxg7 Kxg7 21. Rc7 Qxb3 22. Qxe6 Rf8 23. Qe7 Rb5 24. f5 Qb2 25. fxg6 hxg6 26. h4 a5 27. h5 Rb6 28. hxg6 Rxg6 29. Rxb7 Qf6 30. Qxf6+ Rxf6 31. Ra7 Rf5 32. Ra1 Rb8 33. R7xa5 Rxa5 34. Rxa5 Rb2 35. Ra6 f6 36. Kg2 Kg6 37. Ra5 Rb3 38. g4 Rc3 39. f3 Rc1 40. Kg3 Rc4 41. Ra8 Rb4 42. f4 Rb1 43. Rg8+ Kf7 44. Ra8 Rg1+ 45. Kf3 Rf1+ 46. Ke4 Rb1 47. f5 Rb4+ 48. Kf3 Rb3+ 49. Kg2 Rc3 50. Ra7+ Kf8 51. Rb7 Kg8 52. Rd7 Rb3 53. Re7 Kf8 54. Re6 Kf7 55. Re2 Rc3 56. Rf2 Kg7 57. Rf3 Rc1 58. Kg3 Rc4 59. Rf4 Rc3+ 60. Kh4 Rc1 61. Ra4 Rh1+ 62. Kg3 Rg1+ 63. Kf3 Rf1+ 64. Ke4 Re1+ 65. Kd5 Re5+ 66. Kd6 Re1 67. Ra7+ Kh6 68. Rf7 Kg5 69. Rg7+ Kf4 70. Rg6 Re2 71. Rxf6 Kxg4 72. Rf8 Kg5 73. f6 Kg6 74. f7 Kg7 75. Re8 Rf2 76. Ke7 Rxf7+ 77. Ke6 Rf6+ 78. Ke5 Rf7 79. Ke6 Rf6+ 80. Ke5 Rf7 81. Ke6 1/2-1/2


[Site "https://www.chess.com"]

[Event "Titled Tuesday Blitz September 27 Early 2022"]
[White "Aqib Javaid Butt"]
[Black "Rose, Felix"]
[WhiteFideId "7801262"]
[BlackFideId "5105722"]
[WhiteElo "1634"]
[BlackElo "2039"]
[Result "0-1"]
[Round "09"]
[TimeControl "180+1"]
[Date "2022.09.27"]
[WhiteClock "0:01:01"]
[BlackClock "0:01:08"]

1. d4 d5 2. c4 e6 3. cxd5 exd5 4. Nc3 c6 5. Bf4 Bd6 6. Bxd6 Qxd6 7. Nf3 Nf6 8. e3 Bf5 9. Bd3 Bxd3 10. Qxd3 Nbd7 11. O-O O-O 12. Rad1 Rfe8 13. Rfe1 Ne4 14. Nd2 Ndf6 15. Ndxe4 dxe4 16. Qc4 Ng4 17. g3 Qh6 18. h4 g5 19. Kg2 Qf6 20. Qe2 h5 21. hxg5 Qxg5 22. Rh1 Re6 23. Rh4 Rae8 24. d5 Rf6 25. Rxg4 Qxg4 26. Qxg4+ hxg4 27. d6 Rfe6 28. d7 Rd8 29. Na4 b6 30. Rd4 Re7 31. Rd6 c5 32. Rd5 f6 0-1


[Site "https://www.chess.com"]

[Event "Titled Tuesday Blitz September 27 Early 2022"]
[White "Arabidze, Meri"]
[Black "Ibrahimli, Murad"]
[WhiteFideId "13604040"]
[BlackFideId "13410229"]
[WhiteElo "2335"]
[BlackElo "2109"]
[Result "1/2-1/2"]
[Round "09"]
[TimeControl "180+1"]
[Date "2022.09.27"]
[WhiteClock "0:00:14"]
[BlackClock "0:00:11"]

1. Nf3 Nf6 2. c4 e6 3. g3 d5 4. Bg2 Be7 5. O-O O-O 6. d4 dxc4 7. Qc2 a6 8. a4 Bd7 9. Nc3 Bc6 10. Rd1 Bb4 11. Na2 a5 12. Nxb4 axb4 13. Qxc4 Bxa4 14. Bg5 Nbd7 15. b3 Bc6 16. Qxb4 h6 17. Bxf6 Nxf6 18. Rxa8 Qxa8 19. Ne5 Bxg2 20. Kxg2 b6+ 21. Kg1 Qe4 22. Qd2 Rd8 23. e3 c5 24. Qd3 Qb7 25. Qb5 cxd4 26. Rxd4 Rxd4 27. exd4 Qa7 28. Qc4 g6 29. Qc8+ Kg7 30. Qd8 b5 31. h4 Qb7 32. Qd6 Ne4 33. Qd8 Nf6 34. Qd6 Qa7 35. Qc5 Qa1+ 36. Kg2 Qa8+ 37. Kg1 Qb7 38. Qd6 1/2-1/2


[Site "https://www.chess.com"]

[Event "Titled Tuesday Blitz September 27 Early 2022"]
[White "Avazkhonov, Alikhon"]
[Black "Vlassov, Nikolai"]
[WhiteFideId "14208504"]
[BlackFideId "4103360"]
[WhiteElo "1739"]
[BlackElo "2324"]
[Result "0-1"]
[Round "09"]
[TimeControl "180+1"]
[Date "2022.09.27"]
[WhiteClock "0:00:01"]
[BlackClock "0:00:03"]

1. d4 Nf6 2. c4 Nc6 3. Nc3 e5 4. Nf3 exd4 5. Nxd4 Bb4 6. g3 Bxc3+ 7. bxc3 O-O 8. Bg2 Ne5 9. c5 Qe7 10. Nb3 Rb8 11. O-O b6 12. cxb6 axb6 13. a4 Bb7 14. e4 Nxe4 15. Re1 f5 16. Ba3 d6 17. f3 Nxc3 18. Qd2 Nxa4 19. f4 Bxg2 20. Qxg2 Qf7 21. Nd4 Nc4 22. Bxd6 Nxd6 23. Rxa4 Rbe8 24. Rea1 Re4 25. Qc2 Rfe8 26. Nf3 Rxa4 27. Rxa4 Qd5 28. Ne5 c5 29. Qb2 b5 30. Ra7 Qd4+ 31. Qxd4 cxd4 32. Rd7 Re6 33. Rd8+ Ne8 34. Rxd4 g5 35. Rd5 gxf4 36. gxf4 b4 37. Rb5 Nf6 38. Rxb4 Nd5 39. Rb8+ Kg7 40. Rb7+ Kh6 41. Nf7+ Kh5 42. Ng5 Re2 43. Rxh7+ Kg4 44. Nh3 Kf3 45. Ng5+ Kxf4 46. Nh3+ Kf3 47. Kf1 Ra2 48. Ng1+ Ke3 49. Rh3+ Ke4 50. Rf3 f4 51. Rf2 Ne3+ 52. Ke1 Ra1+ 53. Ke2 Rxg1 54. h4 Ra1 55. h5 Nf5 56. Rf1 Ra2+ 57. Ke1 Ke3 58. Rf2 Ra1# 0-1


[Site "https://www.chess.com"]

[Event "Titled Tuesday Blitz September 27 Early 2022"]
[White "Averjanov, Alexey"]
[Black "D`Arruda, Ricardo D."]
[WhiteFideId "14109867"]
[BlackFideId "100692"]
[WhiteElo "2639"]
[BlackElo "2460"]
[Result "1-0"]
[Round "09"]
[TimeControl "180+1"]
[Date "2022.09.27"]
[WhiteClock "0:00:29"]
[BlackClock "0:00:01"]

1. d4 Nf6 2. c4 e5 3. dxe5 Ne4 4. a3 Nc6 5. Nf3 d6 6. Nbd2 Nxd2 7. Qxd2 dxe5 8. Qxd8+ Kxd8 9. Bg5+ f6 10. O-O-O+ Ke8 11. Bd2 Be6 12. e3 Be7 13. Bc3 Kf7 14. Be2 a5 15. h3 a4 16. Rd2 Na5 17. Bxa5 Rxa5 18. Rhd1 Rc5 19. Rc2 Ra5 20. Rcd2 c6 21. Ne1 b5 22. cxb5 cxb5 23. Nc2 Rc8 24. Kb1 Bb3 25. Rc1 Ra7 26. Nb4 Bxb4 27. axb4 Ba2+ 28. Kxa2 Rxc1 29. Bxb5 Rb7 30. Bxa4 Rxb4 31. Bc2 Rb7 32. b3 Rc7 33. Bd1 R1c6 34. Kb2 Ke7 35. Be2 Rd6 36. Rxd6 Kxd6 37. h4 Kc5 38. Kc3 Ra7 39. Bc4 Ra1 40. Bg8 h6 41. Kd3 Rh1 42. g3 Kb4 43. Ke4 Rf1 44. f4 exf4 45. exf4 Rg1 46. Kf3 Kc5 47. Kg4 Kd4 48. b4 Ke3 49. h5 Kf2 50. b5 Rxg3+ 51. Kf5 Rd3 52. Kg6 Rd7 53. Be6 Rb7 54. f5 Kg3 55. Bc8 Rb8 56. Bd7 Kf4 57. Kxg7 Rb7 58. Kxh6 Rxd7 59. Kg6 Ke5 60. h6 1-0


[Site "https://www.chess.com"]